 Dungeon Crawl Stone Soup version 0.21.1-1-g345015f (webtiles) character file.

334 EpicGamer07 the Slasher (level 6, -7/47 HPs)
             Began as a Human Fighter on June 6, 2018.
             Was an Initiate of Okawaru.
             Mangled by an ogre
             ... wielding a +0 giant club
              (12 damage)
             ... on level 4 of the Dungeon.
             The game lasted 00:12:57 (2537 turns).

EpicGamer07 the Slasher (Human Fighter)             Turns: 2537, Time: 00:12:58

Health: -7/47      AC:  7    Str: 18    XL:     6   Next: 83%
Magic:  6/6        EV:  8    Int:  9    God:    Okawaru [......]
Gold:   153        SH:  9    Dex: 12    Spells: 5/5 levels left

rFire    . . .     SeeInvis .   q - +2 spear (flame)
rCold    . . .     Gourm    .   c - +0 shield
rNeg     . . .     Faith    +   b - +0 scale mail
rPois    .         Spirit   .   (no helmet)
rElec    .         Reflect  .   (no cloak)
rCorr    .         Harm     .   (no gloves)
MR       .....                  (no boots)
Stlth    ..........             j - amulet of faith
HPRegen  0.15/turn              w - ring of flight
MPRegen  0.10/turn              (no ring)

@: flying
A: no striking features
a: Renounce Religion


You were on level 4 of the Dungeon.
You worshipped Okawaru.
Okawaru was noncommittal.
You were not hungry.

You visited 1 branch of the dungeon, and saw 4 of its levels.

You collected 153 gold pieces.

Inventory:

Hand Weapons
 a - a +0 long sword
 e - a +0 scythe
 h - a +0 spear
 l - a +0 flail
 n - a +0 mace
 o - a +0 falchion
 p - a +0 hand axe
 q - a +2 spear of flaming (weapon)
 r - a cursed -2 dagger
Missiles
 t - 22 arrows
 v - 25 bolts
Armour
 b - a +0 scale mail (worn)
 c - a +0 shield (worn)
Jewellery
 j - an amulet of faith (around neck)
 w - a ring of flight (left hand)
Wands
 k - a wand of clouds (2)
Scrolls
 g - 4 scrolls of remove curse
 i - a scroll of teleportation
 s - 2 scrolls of identify
Potions
 d - 2 potions of might
 m - a potion of lignification {unknown}
 u - a potion of curing {unknown}
 x - a potion of brilliance {unknown}


   Skills:
 + Level 3.6 Fighting
 + Level 4.2 Long Blades
 + Level 4.2 Armour
 + Level 1.4 Dodging
 + Level 4.2 Shields


You had 5 spell levels left.
You didn't know any spells.

Dungeon Overview and Level Annotations

Branches:
Dungeon (4/15)
 Temple: D:4-7

Altars:
Kikubaaqudgha
Makhleb
Okawaru
Sif Muna


Message History

The ogre hits you with a giant club!!
Ouch! That really hurt!
You puncture the ogre! You burn the ogre.
The ogre is severely wounded.
You block the ogre's attack.
You hit the ogre but do no damage.
The ogre is severely wounded.
The ogre hits you with a giant club!
* * * LOW HITPOINT WARNING * * *
You hit the ogre but do no damage.
The ogre is severely wounded.
The ogre hits you with a giant club.
* * * LOW HITPOINT WARNING * * *
You puncture the ogre! You burn the ogre.
The ogre is almost dead.
You block the ogre's attack.
It was a potion of flight.
You feel very buoyant.
You fly up into the air.
The ogre hits you with a giant club!
You die...

#..##### ..### #..#
.#.... #..# ...... #..#
# ......# #..# ##
##.....## #..####.
#.......## #.......
#......O.#########......
#......@.......#####....
#............#..## #....
#######....#####.####...
###..# ##.###... #..#
##..##.. #..# #..###.
#..# ##.## ## #..# #..#
# ...# #.##


You could see an ogre.

Vanquished Creatures
  Sigmund (D:3)
  A hound (D:3)
  Ijyb (D:3)
  2 worker ants (D:4)
  3 adders
  5 worms
  A dart slug (D:3)
  2 leopard geckos
  2 orcs
  5 giant cockroaches
  4 hobgoblins
  6 jackals
  5 kobolds
  2 bats
  A frilled lizard (D:1)
  A leopard gecko skeleton (D:4)
  6 rats
48 creatures vanquished.

Notes
Turn   | Place    | Note
-------+----------+-------------------------------------------
     0 | D:1      | EpicGamer07 the Human Fighter began the quest for the Orb.
     0 | D:1      | Reached XP level 1. HP: 18/18 MP: 1/1
   532 | D:1      | Reached XP level 2. HP: 12/24 MP: 2/2
   770 | D:2      | Found a deep blue altar of Sif Muna.
   813 | D:2      | Reached XP level 3. HP: 10/29 MP: 3/3
  1077 | D:3      | Noticed Ijyb
  1078 | D:3      | Found an iron altar of Okawaru.
  1109 | D:3      | Killed Ijyb
  1109 | D:3      | Reached XP level 4. HP: 33/35 MP: 4/4
  1251 | D:3      | Noticed Sigmund
  1263 | D:3      | Killed Sigmund
  1263 | D:3      | Reached skill level 1 in Dodging
  1263 | D:3      | Reached XP level 5. HP: 41/41 MP: 5/5
  1263 | D:3      | Reached XP level 6. HP: 47/47 MP: 6/6
  1332 | D:3      | Became a worshipper of Warmaster Okawaru
  1442 | D:3      | Found a burning altar of Makhleb.
  1660 | D:4      | Found an ancient bone altar of Kikubaaqudgha.
  2525 | D:4      | Noticed an ogre
  2537 | D:4      | Mangled by an ogre

Skill      XL: |  1  2  3  4  5  6 |
---------------+-------------------+-----
Long Blades    | 4 |  4.2
Dodging        | 1 |  1.4
Armour         | 4 |  4.2
Shields        | 4 |  4.2
Fighting       | |  3.6

Action                   |  1- 3 |  4- 6 || total
-------------------------+-------+-------++-------
Melee: Long sword        |   130 |     9 ||   139
       Falchion          |       |    47 ||    47
       Spear             |       |    54 ||    54
  Use: Scroll            |     4 |     3 ||     7
       Potion            |       |     3 ||     3
  Eat: Chunk             |       |     2 ||     2
       Ration            |       |     1 ||     1
Armor: Scale mail        |    74 |    33 ||   107
Dodge: Dodged            |    50 |    39 ||    89
Block: Shield            |    90 |    52 ||   142
       Rpst.: Long sword |    19 |     4 ||    23
       Falchion          |       |     4 ||     4
